 Dungeon Crawl Stone Soup version 0.28.0-53-g5a82cb258f (webtiles) character file.

Game seed: 18061628239927361938

116 issech the Skirmisher (level 4, -5/41 HPs)
             Began as a Minotaur Monk on May 26, 2022.
             Slain by a kobold brigand
             ... wielding a +0 whip
              (7 damage)
             ... in a sewer.
             The game lasted 00:06:03 (2088 turns).

issech the Skirmisher (Minotaur Monk)               Turns: 2088, Time: 00:06:04

Health: -5/41      AC:  3    Str: 16    XL:     4   Next: 69%
Magic:  3/3        EV: 13    Int: 13    God:
Gold:   95         SH:  0    Dex: 14    Spells: 3/3 levels left

rFire   . . .      SeeInvis .   c - +0 long sword
rCold   . . .      Faith    .   (no shield)
rNeg    . . .      Spirit   .   A - +0 leather armour
rPois   .          Reflect  .   (helmet restricted)
rElec   .          Harm     .   (no cloak)
rCorr   .          Rampage  .   (no gloves)
Will    .....                   (no boots)
Stlth   ++........              (no amulet)
HPRegen 0.13/turn               s - +6 ring of intelligence
MPRegen 0.08/turn               (no ring)

@: no status effects
A: horns 2, retaliatory headbutt
a: no special abilities


You were in a sewer.
You visited 1 branch of the dungeon, and saw 3 of its levels.
You also visited: Sewer.

You collected 95 gold pieces.

Inventory:

Hand Weapons
 a - a +0 hand axe
 c - a +0 long sword (weapon)
 f - a +0 dagger
 m - a +0 short sword
 o - a +0 short sword
 t - a +0 short sword
 y - a +0 mace
 z - a +0 short sword
Missiles
 h - 9 arrows
 n - 40 stones (quivered)
 q - 20 bolts
 u - 8 boomerangs
 v - 47 sling bullets
Armour
 b - a +0 robe
 j - a +0 robe
 k - a +0 robe
 l - a +0 helmet
 A - a +0 leather armour (worn)
Jewellery
 s - a +6 ring of intelligence (left hand)
Scrolls
 e - a scroll of amnesia {unknown}
 i - a scroll of fear {unknown}
 p - a scroll of brand weapon
Potions
 d - a potion of attraction {unknown}
 g - a potion of curing {unknown}
 w - a potion of mutation {unknown}


   Skills:
 + Level 4.4 Fighting
 + Level 2.8 Long Blades
 + Level 4.2 Axes
 + Level 0.3 Armour
 + Level 3.8 Dodging
 + Level 2.1 Stealth


You had 3 spell levels left.
You didn't know any spells.
Your spell library contained the following spells:

 Spells                   Type           Power      Damage    Failure   Level
 Shock                    Conj/Air       0%         1d3       36%         1
 Conjure Flame            Conj/Fire      0%         6-21      75%         3
 Ignite Poison            Fire/Tmut/Pois 0%         N/A       75%         3
 Swiftness                Air            0%         N/A       75%         3
 Airstrike                Air            0%         N/A       98%         4
 Sticky Flame             Conj/Fire      0%         2d3       98%         4


Dungeon Overview and Level Annotations

Branches:
Dungeon (3/15)              Sewer (1/1)

Altars:

Shops:
D:1 *   D:2 (


Innate Abilities, Weirdness & Mutations

You have a pair of horns on your head.
You reflexively headbutt those who attack you in melee.


Message History

The rat barely misses you.
The rat splashes around in the water.
You closely miss the kobold brigand. You headbutt the kobold brigand!
The kobold brigand is moderately wounded.
You feel yourself speed up.
The kobold brigand hits you with a +0 whip.
The rat twitches its whiskers.
The rat splashes around in the water.
The kobold brigand hits you with a +0 whip.
The rat barely misses you. You furiously retaliate!
You headbutt the rat!
You kill the rat!
You slash the kobold brigand!
Your headbutt misses the kobold brigand.
The kobold brigand is heavily wounded.
The kobold brigand hits you with a +0 whip!
You slash the kobold brigand!
Your headbutt misses the kobold brigand.
The kobold brigand is severely wounded.
The kobold brigand hits you but does no damage.
You barely miss the kobold brigand.
The kobold brigand is severely wounded.
The kobold brigand hits you with a +0 whip.
* * * LOW HITPOINT WARNING * * *
The kobold brigand hits you with a +0 whip.
* * * LOW HITPOINT WARNING * * *
You completely miss the kobold brigand.
The kobold brigand is severely wounded.
The kobold brigand barely misses you.
Unknown command.
You barely miss the kobold brigand.
Your headbutt misses the kobold brigand.
The kobold brigand is severely wounded.
The kobold brigand hits you with a +0 whip!
* * * LOW HITPOINT WARNING * * *
You hit the kobold brigand.
The kobold brigand is severely wounded.
The kobold brigand barely misses you.
You slash the kobold brigand!
The kobold brigand is almost dead.
The kobold brigand hits you with a +0 whip!
You die...

##.≈≈## #.≈≈# #.≈≈#
##.≈.# ##≈.≈≈# ###
####..≈≈.# #####r≈≈≈.
≈.≈≈≈≈.≈########≈≈≈≈K#
≈≈..≈.####≈≈..≈K†###≈≈K≈.
≈≈≈≈.## #..≈≈≈..@# ###
.≈≈..####≈≈.....≈#
≈≈.≈..##.≈.≈####≈≈..≈#
≈≈....≈≈≈..## #####.≈≈≈
.....≈..≈≈## ##
.∩..≈...≈≈# ....≈≈≈.≈≈#
.∩.≈..≈.≈≈# ....≈≈≈≈≈.#


You could see a kobold brigand.

Vanquished Creatures
  A river rat (Sewer)
  4 adders
  A worm (D:3)
  A dart slug (D:1)
  7 ball pythons
  8 endoplasms
  2 giant cockroaches (D:1)
  8 hobgoblins
  5 jackals
  2 quokkas (D:1)
  6 bats
  6 kobolds
  12 rats
63 creatures vanquished.

Notes
Turn   | Place    | Note
-------+----------+-------------------------------------------
     0 | D:1      | issech the Minotaur Monk began the quest for the Orb.
     0 | D:1      | Reached XP level 1. HP: 19/19 MP: 0/0
    79 | D:1      | Found Biapnou's Assorted Antiques.
    92 | D:1      | Reached XP level 2. HP: 19/27 MP: 1/1
   488 | D:1      | Reached XP level 3. HP: 33/33 MP: 2/2
   540 | D:1      | Reached skill level 1 in Long Blades
   745 | D:1      | Found a faded altar of an unknown god.
  1035 | D:2      | Found Doacio's Antique Weapon Boutique.
  1591 | D:2      | Reached XP level 4. HP: 40/40 MP: 3/3
  1823 | D:3      | Found a glowing drain.
  1832 | Sewer    | Entered a sewer
  2073 | Sewer    | Noticed a kobold brigand
  2086 | Sewer    | HP: 1/41 [kobold brigand/+0 whip (7)]
  2088 | Sewer    | Slain by a kobold brigand

Illustrated notes

Levels and vault maps discovered:
D:1:      roderic_chinese_lattice_arrival, layout_basic,
          shapermc_ecumenical_altar_mp_vishouse, serial_shops, shop,
          minmay_rat_gold_closets
D:2:      layout_basic, serial_shops, nicolae_lakefront_shop, st_stairs_12
D:3:      kennysheep_six_static_rooms, layout_basic, portal_sewer_entry_d,
          pf_guarded_unrand_meek
Sewer:    sewer_co_tree

Skill      XL: |  1  2  3 |
---------------+----------+-----
Axes           | 4 |  4.2
Fighting       | 4 |  4.4
Long Blades    | 2 |  2.8
Stealth        | 2 |  2.1
Armour         | |  0.3
Dodging        | |  3.8

Action                   |  1- 3 |  4- 6 || total
-------------------------+-------+-------++-------
Melee: Long sword        |    83 |    38 ||   121
       Hand axe          |     4 |       ||     4
       Headbutt          |     9 |     6 ||    15
       Punch             |     2 |       ||     2
  Use: Scroll            |       |     2 ||     2
 Stab: Sleeping          |     6 |     2 ||     8
Armor: Robe              |    21 |       ||    21
       Leather armour    |       |    10 ||    10
Dodge: Dodged            |    71 |    25 ||    96
